 Dungeon Crawl Stone Soup version 0.28.0 (webtiles) character file.

Game seed: 11414807401953708720

86642 SnakkuSnakku7 the Tainter (level 15, -16/112 HPs)
             Began as a Mummy Cinder Acolyte on Feb 11, 2022.
             Was a High Priest of Ignis.
             Hit by a large rock thrown by a stone giant (41 damage)
             ... on level 15 of the Dungeon.
             The game lasted 00:59:58 (32626 turns).

SnakkuSnakku7 the Tainter (Mummy Cinder Acolyte)   Turns: 32626, Time: 00:59:59

Health: -16/112    AC: 15    Str: 24    XL:     15   Next: 41%
Magic:  30/33      EV: 12    Int: 27    God:    Ignis [*****.]
Gold:   1325       SH:  4    Dex:  7    Spells: 9/26 levels left

rFire   + . .      SeeInvis +   a - staff of poison
rCold   + . .      Faith    .   v - +0 buckler {reflect}
rNeg    + + +      Spirit   .   m - +2 leather armour {Will+}
rPois   ∞          Reflect  +   A - +2 helmet {SInv}
rElec   .          Harm     .   r - +4 cloak of the Ego {rF+ Will+ Stlth+}
rCorr   .          Rampage  .   g - +0 pair of gloves
Will    +++..                   w - +0 pair of boots "Ilahir Weyn" {Str+6}
Stlth   ++........              z - amulet of magic regeneration
HPRegen 0.28/turn               K - +6 ring of intelligence
MPRegen 0.63/turn               G - ring of magical power

@: studying Summonings
A: cold resistance 1, negative energy resistance 3, torment resistance 2, heat
vulnerability 1, in touch with death 1, no potions
a: Renounce Religion, Fiery Armour, Foxfire Swarm


You were on level 15 of the Dungeon.
You worshipped Ignis.
Ignis was extremely pleased with you.
You visited 3 branches of the dungeon, and saw 23 of its levels.
You also visited: Bailey, Gauntlet and Volcano.

You collected 3261 gold pieces.
You spent 1936 gold pieces at shops.

Inventory:

Hand Weapons
 C - the +8 glaive of the Guard {elec, spectral, AC+5}
   (You bought it in a shop on level 2 of the Orcish Mines)

   It occasionally discharges a powerful burst of electricity upon striking a
   foe.
   When it strikes, its spirit leaps out and fights alongside the wielder.
   AC:        It affects your AC (+5).
Missiles
 p - 4 throwing nets
Armour
 g - a +0 pair of gloves (worn)
 m - a +2 leather armour of willpower (worn)
 r - the +4 cloak of the Ego (worn) {rF+ Will+ Stlth+}
   (You found it on level 3 of the Lair of Beasts)

   rF:        It protects you from fire.
   Will:      It increases your willpower.
   Stlth:     It makes you more stealthy.
 v - a +0 buckler of reflection (worn)
 w - the +0 pair of boots "Ilahir Weyn" (worn) {Str+6}
   (You found it on level 7 of the Dungeon)

   Str:       It affects your strength (+6).
 A - a +2 helmet of see invisible (worn)
 B - a +0 crystal plate armour
 F - a +2 plate armour of fire resistance
Magical Staves
 a - a staff of poison (weapon)
 b - a staff of fire
 c - a staff of conjuration
Jewellery
 s - a ring of flight
 y - an amulet of the acrobat
 z - an amulet of magic regeneration (around neck)
 G - a ring of magical power (right hand)
 K - a +6 ring of intelligence (left hand)
Wands
 d - a wand of mindburst (15)
 k - a wand of iceblast (6)
 o - a wand of paralysis (32)
 t - a wand of digging (6)
 x - a wand of flame (29)
Scrolls
 e - 2 scrolls of immolation
 f - 13 scrolls of teleportation
 h - a scroll of amnesia
 i - 3 scrolls of fog
 j - 4 scrolls of identify
 l - 2 scrolls of blinking
 n - 3 scrolls of torment
 q - 2 scrolls of vulnerability
 u - a scroll of fear
 E - a scroll of enchant armour
 H - a scroll of silence
 I - a scroll of magic mapping
Miscellaneous
 D - a phantom mirror
 J - a condenser vane


   Skills:
 - Level 8.4 Fighting
 - Level 2.4 Maces & Flails
 + Level 6.7 Polearms
 - Level 7.3 Dodging
 - Level 5.0 Shields
 - Level 6.0 Spellcasting
 - Level 8.0 Conjurations
 - Level 6.3 Necromancy
 - Level 4.0 Transmutations
 - Level 10.1 Fire Magic
 - Level 12.0 Poison Magic
 - Level 6.0 Evocations


You had 9 spell levels left.
You knew the following spells:

 Your Spells              Type           Power      Damage    Failure   Level
a - Ignite Poison         Fire/Tmut/Pois 70%        N/A       1%          3
b - Sticky Flame          Conj/Fire      55%        2d7       2%          4
c - Scorch                Fire           100%       2d10      1%          2
d - Dispel Undead         Necr           59%        3d21      7%          4
z - Olgreb's Toxic Radia  Pois           83%        N/A       1%          4

Your spell library contained the following spells:

 Spells                   Type           Power      Damage    Failure   Level
 Foxfire                  Conj/Fire      100%       2x1d9     1%          1
 Sting                    Tmut/Pois      100%       1d8       1%          1
 Poisonous Vapours        Pois/Air       100%       N/A       1%          2
 Searing Ray              Conj           100%       2d8       1%          2
 Conjure Flame            Conj/Fire      55%        6-21      1%          3
 Vampiric Draining        Necr           59%        2d10      1%          3
 Static Discharge         Conj/Air       29%        N/A       2%          2
 Animate Dead             Necr           29%        N/A       7%          4
 Slow                     Hex            32%        N/A       10%         1
 Irradiate                Conj/Tmut      20%        3d20      22%         5
 Confusing Touch          Hex            8%         N/A       28%         3
 Gell's Gravitas          Tloc           8%         N/A       28%         3
 Summon Guardian Golem    Hex/Summ       8%         N/A       28%         3
 Teleport Other           Tloc           8%         N/A       28%         3
 Petrify                  Tmut/Erth      18%        N/A       38%         4
 Freezing Cloud           Conj/Ice/Air   11%        6-21      65%         5
 Yara's Violent Unravell  Hex/Tmut       9%         3d6       75%         5
 Metabolic Englaciation   Hex/Ice        4%         N/A       95%         5
 Orb of Destruction       Conj           25%        9d9       96%         7
 Dispersal                Tloc           4%         N/A       100%        6
 Enfeeble                 Hex            4%         N/A       100%        7
 Haunt                    Necr/Summ      19%        N/A       100%        7
 Spellforged Servitor     Conj/Summ      14%        N/A       100%        7
 Summon Hydra             Summ           4%         N/A       100%        7
 Infestation              Necr           29%        N/A       100%        8
 Sublimation of Blood     Necr           Unusable   N/A       N/A         2
 Wereblood                Tmut           Unusable   N/A       N/A         2
 Blade Hands              Tmut           Unusable   N/A       N/A         5
 Statue Form              Tmut/Erth      Unusable   N/A       N/A         6
 Dragon Form              Tmut           Unusable   N/A       N/A         7

Dungeon Overview and Level Annotations

Branches:
Dungeon (15/15)            Temple (0/1) D:6            Lair (6/6) D:8
 Shoals (0/4) Lair:2       Spider (0/4) Lair:3        Slime (0/5) Lair:6
    Orc (2/2) D:11            Elf (0/3) Orc:2        Vaults (0/5) D:14
 Depths (0/4) D:15         Bailey (visited)         Volcano (visited)
Gauntlet (visited)

Altars:
Ashenzari
Dithmenos
Fedhas
Gozag
Hepliaklqana
Makhleb
Ru
Trog
Uskayaw
Vehumet
Xom
Zin
The Shining One
Beogh
Jiyva

Shops:
Orc:2 :*[(

Annotations:
D:11 exclusion: obsidian statue
Lair:4 exclusion: 2 oklob plants
Orc:1 Kaxaet's ghost, journeyman MfVM


Innate Abilities, Weirdness & Mutations

You are immune to poison.
Your flesh is cold resistant. (rC+)
You are immune to negative energy. (rN+++)
You are immune to unholy pain and torment.
You are vulnerable to heat. (rF-)
You are in touch with the powers of death.
You do not drink.


Message History

Found two shimmering altars of Xom.
Found a shimmering altar of Xom.
Found two shimmering altars of Xom.
Found a shimmering altar of Xom.
There is a fountain of clear blue water here.
There is a shimmering altar of Xom here.
There is a fountain of clear blue water here.
HP restored.
There is a fountain of clear blue water here.
You enter the shallow water.
Moving in this stuff is going to be slow.
There is a shimmering altar of Xom here.
There is a fountain of clear blue water here.
Key pressed, stopping explore.
A stone giant comes into view.
Found a staircase to the Depths.
The stone giant shouts!
A stone giant is nearby!
Casting: Ignite Poison (safe; 1% risk of failure)
Confirm with . or Enter, or press ? or * to list all spells.
You feel a surge of power!
You begin to radiate toxic energy.
The stone giant is poisoned.
The stone giant throws a large rock.
The large rock hits you!
Unknown command.
Unknown command.
Casting: Olgreb's Toxic Radiance (mildly dangerous; 1% risk of failure)
Confirm with . or Enter, or press ? or * to list all spells.
You feel a surge of power!
Your toxic radiance grows in intensity.
The stone giant looks even sicker.
The stone giant throws a large rock.
The large rock hits you!!!
Unknown command.
Casting: Olgreb's Toxic Radiance (mildly dangerous; 1% risk of failure)
Confirm with . or Enter, or press ? or * to list all spells.
You feel a surge of power!
Your toxic radiance grows in intensity.
The stone giant throws a large rock.
The large rock hits you!!!
* * * LOW HITPOINT WARNING * * *
Unknown command.
Your toxic aura wanes.
The stone giant throws a large rock.
The large rock hits you!!!
You die...

###§≈...≈.###
##..####.....
#__≈.♣≈_#
###.C......≈§≈≈
##.#♣^≈##
#...####...≈#≈≈
##.#≈## #..##
#.§§≈§§. ######⌠##
##.## #...§C≈.
#......### ##..#
#..≈§≈..
#........## ##..##
##..≈§§.
##.........###..##
..§§§.
#.............@##
..§#§§
##............##
##...........# #
###........## ###
##......## .^##
###....# #..###
##...## #
###..####...## #..
##..##...## ##...#


You could see a stone giant (poisoned).

Vanquished Creatures
  The ghost of esper6 the Severer, a journeyman DDFi of Makhleb (D:14)
  2 orc warlords
  A red draconian (Volcano)
  2 minotaurs
  An ettin (D:10)
  Josephine (Orc:1)
  6 hydras
  Erolcha (D:10)
  2 catoblepae
  2 boulder beetles
  A death knight (D:14)
  4 two-headed ogres
  3 centaur warriors
  A death yak (Gauntlet)
  A two-headed ogre (shapeshifter) (D:14)
  A tengu warrior (D:13)
  3 orc high priests (Orc:2)
  Nergalle (D:12)
  A fire crab (shapeshifter) (D:10)
  An orb spider (Lair:3)
  A salamander mystic (Volcano)
  Pikel (D:5)
  7 orc knights
  A wizard (D:13)
  A necromancer (Gauntlet)
  A harpy (D:14)
  A wolf spider (D:10)
  6 orc sorcerers
  2 salamanders (Volcano)
  7 cyclopes
  3 manticores
  10 cane toads
  5 elephants
  4 black mambas
  A merfolk siren (Lair:2)
  3 molten gargoyles (Volcano)
  5 gargoyles
  A water nymph (shapeshifter) (D:14)
  A torpor snail (Lair:2)
  A kobold demonologist (D:10)
  A freezing wraith (D:14)
  2 minotaur zombies (Gauntlet)
  An efreet (D:14)
  17 komodo dragons
  A tengu conjurer (D:13)
  4 yaktaurs (D:15)
  4 polar bears
  9 trolls
  Grinder (D:3)
  4 slime creatures
  13 blink frogs
  6 hornets
  14 dream sheep
  3 wraiths
  2 shadows
  A centaur simulacrum (D:13)
  Sigmund (D:6)
  16 spriggans (Lair:6)
  4 wyverns
  36 yaks
  A hog (shapeshifter) (D:14)
  4 basilisks
  A steam dragon (D:8)
  3 vampire mosquitoes (D:12)
  5 wargs (Orc:1)
  Menkaure (D:6)
  3 acid dragons
  10 water moccasins
  44 orc warriors
  A swamp drake (D:8)
  2 sky beasts
  8 black bears
  2 necrophages
  5 boggarts
  6 ogres
  29 wolves
  2 centaurs
  2 phantoms
  A kobold brigand (D:11)
  Blork the orc (D:6)
  16 bullfrogs
  2 gnoll sergeants
  3 scorpions
  A wyvern skeleton (D:5)
  A water moccasin skeleton (D:5)
  3 killer bees (D:8)
  4 howler monkeys
  2 centaur zombies
  3 hounds (D:5)
  4 jellies
  A bullfrog skeleton (D:6)
  20 orc priests
  A centaur skeleton (D:5)
  Jessica (D:3)
  Terence (D:2)
  6 iguanas
  24 orc wizards
  3 howler monkey zombies (D:9)
  14 gnolls
  8 adders
  3 white imps
  An ufetubus (D:5)
  An adder zombie (D:5)
  4 worms
  4 dart slugs
  101 orcs
  7 ball pythons
  6 endoplasms
  2 giant cockroaches
  10 goblins
  11 hobgoblins
  4 jackals
  12 kobolds
  A quokka (D:1)
  6 bats
  3 frilled lizards
  9 rats
672 creatures vanquished.

Vanquished Creatures (collateral kills)
  A death yak (Gauntlet)
1 creature vanquished.

Vanquished Creatures (others)
  20 foxfires
  24 fungi
  55 plants
99 creatures vanquished.

Grand Total: 772 creatures vanquished

Notes
Turn   | Place    | Note
-------+----------+-------------------------------------------
     0 | D:1      | SnakkuSnakku7 the Mummy Cinder Acolyte began the quest for
                  | the Orb.
     0 | D:1      | Reached XP level 1. HP: 18/18 MP: 2/2
   194 | D:1      | Reached XP level 2. HP: 17/24 MP: 4/4
  1102 | D:2      | Reached XP level 3. HP: 20/29 MP: 5/5
  1110 | D:2      | Learned a level 2 spell: Scorch
  1789 | D:3      | Noticed Terence
  1821 | D:2      | Killed Terence
  1822 | D:2      | Reached XP level 4. HP: 22/35 MP: 1/6
  2289 | D:3      | Found a broken altar of Ashenzari.
  2355 | D:3      | Noticed Grinder
  2359 | D:3      | Paralysed by Grinder for 4 turns
  2443 | D:3      | Paralysed by Grinder for 2 turns
  2447 | D:3      | Paralysed by Grinder for 3 turns
  2453 | D:3      | Killed Grinder
  2454 | D:3      | Reached skill level 5 in Fire Magic
  2454 | D:3      | Reached XP level 5. HP: 24/41 MP: 0/11
  2454 | D:3      | Reached XP level 6. HP: 28/47 MP: 0/12
  2731 | D:3      | Found a radiant altar of Vehumet.
  2741 | D:3      | Found a faded altar of an unknown god.
  2848 | D:3      | Noticed Jessica
  2852 | D:3      | Killed Jessica
  2865 | D:3      | Learned a level 4 spell: Sticky Flame
  3168 | D:3      | Reached skill level 1 in Conjurations
  3821 | D:4      | Reached XP level 7. HP: 52/52 MP: 13/13
  3936 | D:4      | Found a bloodstained altar of Trog.
  4139 | D:5      | Entered Level 5 of the Dungeon
  4139 | D:5      | Found a shadowy altar of Dithmenos.
  4988 | D:5      | Reached skill level 5 in Conjurations
  5013 | D:5      | Reached XP level 8. HP: 32/58 MP: 3/14
  5382 | D:5      | Learned a level 4 spell: Olgreb's Toxic Radiance
  5620 | D:5      | Reached skill level 1 in Poison Magic
  5760 | D:5      | Reached skill level 2 in Poison Magic
  5955 | D:6      | Noticed Blork the orc
  5971 | D:6      | Killed Blork the orc
  5972 | D:6      | Reached skill level 3 in Poison Magic
  6079 | D:6      | Found a staircase to the Ecumenical Temple.
  6099 | D:6      | Noticed Pikel
  6147 | D:5      | Killed Pikel
  6148 | D:5      | Reached skill level 5 in Poison Magic
  6148 | D:5      | Reached XP level 9. HP: 6/63 MP: 3/15
  6535 | D:6      | Noticed Menkaure
  6538 | D:6      | Killed Menkaure
  6540 | D:6      | Noticed Sigmund
  6959 | D:6      | Reached skill level 6 in Poison Magic
  7296 | D:6      | Killed Sigmund
  7743 | D:7      | Reached skill level 7 in Poison Magic
  7944 | D:7      | Identified the +0 pair of boots "Ilahir Weyn" {Str+6}
  8990 | D:8      | Found a flagged portal.
  9013 | D:8      | Reached skill level 8 in Poison Magic
  9017 | D:8      | Learned a level 3 spell: Ignite Poison
  9059 | Bailey   | Entered a bailey
  9095 | Bailey   | Noticed an orc knight
  9231 | Bailey   | Reached skill level 5 in Spellcasting
  9231 | Bailey   | Reached XP level 10. HP: 28/70 MP: 7/17
  9523 | Bailey   | Killed an orc knight
 10078 | D:8      | Reached skill level 9 in Poison Magic
 10156 | D:8      | Found a staircase to the Lair.
 10568 | D:8      | Found an opulent altar of Gozag.
 10825 | D:8      | Found a hide-covered altar of Uskayaw.
 11050 | D:9      | Found a burning altar of Makhleb.
 11146 | D:9      | Reached skill level 10 in Poison Magic
 11146 | D:9      | Reached XP level 11. HP: 62/75 MP: 10/20
 11480 | D:9      | Found a hazy altar of Hepliaklqana.
 11509 | D:9      | Found a sacrificial altar of Ru.
 11713 | D:10     | Entered Level 10 of the Dungeon
 11801 | D:10     | Reached skill level 11 in Poison Magic
 12501 | D:10     | Noticed Erolcha
 12506 | D:10     | Killed Erolcha
 12530 | D:10     | Noticed a two-headed ogre
 12552 | D:10     | Killed a two-headed ogre
 12592 | D:10     | Noticed an ettin
 12592 | D:10     | Noticed a wolf spider
 12592 | D:10     | Noticed a boulder beetle
 12592 | D:10     | Noticed a fire crab
 12596 | D:10     | Killed a wolf spider
 12596 | D:10     | Killed a boulder beetle
 12596 | D:10     | Killed an ettin
 12597 | D:10     | Reached skill level 12 in Poison Magic
 12597 | D:10     | Reached skill level 5 in Fighting
 12599 | D:10     | Killed a fire crab
 13285 | Lair:1   | Entered Level 1 of the Lair of Beasts
 13322 | Lair:1   | Found a gate leading to a gauntlet.
 13331 | Gauntlet | Entered a Gauntlet
 13331 | Gauntlet | Found a transporter.
 13335 | Gauntlet | Found a transporter.
 13336 | Gauntlet | Noticed a blizzard demon
 13347 | Gauntlet | Found a transporter.
 13351 | Gauntlet | Found a transporter.
 13353 | Gauntlet | Noticed a death yak
 13353 | Gauntlet | Noticed a death yak
 13354 | Gauntlet | Noticed a death yak
 13355 | Gauntlet | Noticed a death yak
 13355 | Gauntlet | Noticed a necromancer
 13361 | Gauntlet | Found a transporter.
 13380 | Gauntlet | Found a runed translucent gate.
 13381 | Gauntlet | Found a transporter.
 13381 | Gauntlet | Found a runed translucent gate.
 13382 | Gauntlet | Found a runed translucent gate.
 13394 | Gauntlet | Found a transporter.
 13411 | Gauntlet | Found a transporter.
 13415 | Gauntlet | Found a transporter.
 13418 | Gauntlet | Noticed a wizard
 13419 | Gauntlet | Noticed a wizard
 13423 | Gauntlet | Found a transporter.
 13441 | Gauntlet | Found a transporter.
 13441 | Gauntlet | Noticed an orange crystal statue
 13444 | Gauntlet | Found a transporter.
 13540 | Gauntlet | Identified the +0 pair of gloves of the True Pharaoh {-Cast
                  | Harm rN+ Str+3}
 13547 | Gauntlet | Killed a necromancer
 13548 | Gauntlet | Reached XP level 12. HP: 26/91 MP: 16/21
 13562 | Gauntlet | Killed a death yak
 13796 | Gauntlet | Killed a death yak
 13912 | Gauntlet | Noticed a minotaur
 13924 | Gauntlet | Killed a minotaur
 14239 | Gauntlet | Got Sagro's Volume of Conjuration
 14486 | Gauntlet | Reached skill level 1 in Shields
 15753 | Lair:2   | Noticed a catoblepas
 15775 | Lair:2   | Killed a catoblepas
 15841 | Lair:2   | Reached skill level 5 in Shields
 15969 | Lair:2   | Reached skill level 1 in Dodging
 16661 | Lair:2   | Noticed an eight-headed hydra
 16936 | Lair:2   | Killed an eight-headed hydra
 17088 | Lair:2   | Noticed a seven-headed hydra
 17099 | Lair:2   | Killed a seven-headed hydra
 17135 | Lair:2   | Found a staircase to the Shoals.
 17531 | Lair:2   | Noticed an eight-headed hydra
 17553 | Lair:2   | Killed an eight-headed hydra
 17554 | Lair:2   | Gained mutation: You are in touch with the powers of death.
                  | [Mummy growth]
 17554 | Lair:2   | Reached XP level 13. HP: 72/99 MP: 19/22
 17841 | Lair:3   | Found a hole to the Spider Nest.
 18217 | Lair:3   | Identified the +4 cloak of the Ego {rF+ Will+ Stlth+}
 18882 | Lair:4   | Reached skill level 5 in Dodging
 21164 | Lair:6   | Entered Level 6 of the Lair of Beasts
 21164 | Lair:6   | Found a dark tunnel.
 21173 | Volcano  | Entered a volcano
 21540 | Volcano  | Reached skill level 1 in Evocations
 21889 | Volcano  | Noticed a red draconian
 22240 | Volcano  | Killed a red draconian
 22533 | Volcano  | Noticed an orb of fire
 22616 | Volcano  | Noticed an orb of fire
 22856 | Lair:6   | Found a viscous altar of Jiyva.
 22857 | Lair:6   | Found a staircase to the Slime Pits.
 22874 | Lair:6   | Reached XP level 14. HP: 106/106 MP: 23/23
 23062 | Lair:6   | Reached skill level 5 in Evocations
 23117 | Lair:6   | Identified the +1 ring mail "Ofeal" {-Cast Dex+6}
 24193 | D:11     | Found a staircase to the Orcish Mines.
 25777 | D:12     | Noticed Nergalle
 25783 | D:12     | Killed Nergalle
 26650 | Orc:1    | Entered Level 1 of the Orcish Mines
 26869 | Orc:1    | Found a runed translucent gate.
 26870 | Orc:1    | Found a runed translucent gate.
 26870 | Orc:1    | Found a runed translucent gate.
 26873 | Orc:1    | Noticed Kaxaet's ghost (journeyman MfVM)
 26894 | Orc:1    | Noticed an orc warlord
 26913 | Orc:1    | Killed an orc warlord
 26914 | Orc:1    | Reached skill level 10 in Fire Magic
 26957 | Orc:1    | Learned a level 4 spell: Dispel Undead
 27168 | Orc:2    | Entered Level 2 of the Orcish Mines
 27174 | Orc:2    | Reached skill level 1 in Necromancy
 27378 | Orc:2    | Noticed an orc warlord
 27385 | Orc:2    | Killed an orc warlord
 27386 | Orc:2    | Reached skill level 5 in Necromancy
 27425 | Orc:2    | Found a staircase to the Elven Halls.
 28116 | Orc:2    | Found Dilefucw's General Store.
 28117 | Orc:2    | Found Viwyck's Book Emporium.
 28119 | Orc:2    | Found Umuy's Antique Armour Emporium.
 28119 | Orc:2    | Found Uptueca's Antique Weapon Shoppe.
 28148 | Orc:2    | Bought the +8 glaive of the Guard {elec, spectral, AC+5}
                  | for 1936 gold pieces
 28148 | Orc:2    | Found the +8 glaive of the Guard {elec, spectral, AC+5}
 28381 | Orc:1    | Noticed Josephine
 28518 | Orc:1    | Reached skill level 1 in Polearms
 28522 | Orc:1    | Killed Josephine
 28523 | Orc:1    | Reached XP level 15. HP: 67/112 MP: 13/24
 29347 | D:13     | You are sucked into a shaft and drop 1 floor!
 30504 | D:14     | Found a runed translucent gate.
 30504 | D:14     | Found a runed translucent gate.
 30504 | D:14     | Found a runed translucent gate.
 30506 | D:14     | Noticed esper6's ghost (journeyman DDFi)
 30603 | D:14     | Found a blossoming altar of Fedhas.
 30738 | D:14     | Reached skill level 5 in Polearms
 30740 | D:14     | Found a gate to the Vaults.
 31334 | D:14     | Killed esper6's ghost
 31472 | D:15     | Entered Level 15 of the Dungeon
 32563 | D:15     | Found a shimmering altar of Xom.
 32563 | D:15     | Found a shimmering altar of Xom.
 32564 | D:15     | Found a shimmering altar of Xom.
 32565 | D:15     | Found a shimmering altar of Xom.
 32565 | D:15     | Found a shimmering altar of Xom.
 32566 | D:15     | Found a shimmering altar of Xom.
 32612 | D:15     | Found a staircase to the Depths.
 32626 | D:15     | Hit by a large rock thrown by a stone giant

Illustrated notes

Levels and vault maps discovered:
D:1:      dpeg_arrival_prison, layout_loops_ring, kennysheep_small_spiral,
          st_stairs_5, minmay_pentomino_v4
D:2:      layout_basic, chequers_jeans, chequers_avenue
D:3:      minmay_chambers_of_twos, layout_rooms, nicolae_vehumet_radiance,
          evilmike_ruin_ashenzari, ebering_ecumenical_altar_petrified,
          uniq_grinder, uniq_terence, uniq_jessica
D:4:      nicolae_cairo_tiling, layout_cave_pools, mainiacjoe_overflow_chevrons
D:5:      minmay_polygon_palace, layout_basic, grunt_dithmenos_smoke
D:6:      layout_loops_ring, minmay_temple_entry_junction, uniq_pikel,
          uniq_blork_the_orc, uniq_sigmund, uniq_menkaure
D:7:      layout_layer_cave
D:8:      layout_basic, kennysheep_little_box,
          mainiacjoe_overflow_cross_hatched, erik_lair_dragon,
          lightli_bailey_entry_fortress, minmay_misc_feat_more_columns
D:9:      layout_loops_ring, mainiacjoe_overflow_catch_the_wave,
          mainiacjoe_overflow_two_lobes, lemuel_doored_altar
D:10:     layout_loops_corners, wad_scary_box, uniq_erolcha
D:11:     layout_gridville, orc_0_dummy, minmay_protected_statue
D:12:     layout_loops_ring, serial_bayou_pond_a, dk_noncrumbling_4,
          uniq_nergalle
D:13:     layout_long_grid, grunt_ogre_cave
D:14:     layout_irregular_city, david_vaults_2, fedhas_altar_4,
          maelrawn_ghost_gauntlet_escape
D:15:     grunt_enter_depths_giant_problem, layout_cave_pods, xom_redecorated
Lair:1:   layout_chaotic_city, serial_rivers, chequers_serial_rivers_room_b,
          chequers_serial_rivers_micro_c, chequers_serial_rivers_micro_d,
          chequers_serial_rivers_micro_d, chequers_serial_rivers_micro_b,
          gauntlet_entry_generic, serial_bayou_crossing
Lair:2:   nzn_winding_woodlands_large [nzn_winding_woodlands_5x5_perimeter,
          nzn_winding_woodlands_5x15_longhouse,
          nzn_winding_woodlands_5x5_default,
          nzn_winding_woodlands_center_garden,
          nzn_winding_woodlands_15x15_boxy_spiral,
          nzn_winding_woodlands_center_diamonds,
          nzn_winding_woodlands_5x5_three, nzn_winding_woodlands_5x15_jagged,
          nzn_winding_woodlands_5x5_open_star], layout_regular_city,
          elwin_shoals_entry_rooms, infiniplex_staircase_pool
Lair:3:   layout_loops_ring, nicolae_spider_entry_orb_guardian,
          patterned_corridor
Lair:4:   layout_roguey, dpeg_oklob_1, lemuel_fruit_tree
Lair:5:   layout_roguey
Lair:6:   minmay_lair_end_enchanted_forest, layout_regular_city, slime_altar_1,
          nicolae_volcano_entry_lava_flow, wad_woods_02
Orc:1:    nicolae_orc_accident_1, layout_diamond_mine,
          ebering_ghost_rock_garden, uniq_josephine
Orc:2:    st_orc_congregation, layout_caves, mines2_david

Skill      XL: |  1  2  3  4  5  6  7  8  9 10 11 12 13 14 15 |
---------------+----------------------------------------------+-----
Fire Magic     | 3 4 5 7 10 | 10.1
Spellcasting   | 4 5 6 |  6.0
Conjurations   | 2 5 7 8 |  8.0
Poison Magic   | 5 8 10 12 | 12.0
Transmutations | 4 |  4.0
Fighting       | 7 8 |  8.4
Shields        | 5 |  5.0
Dodging        | 2 7 |  7.3
Evocations     | 4 6 |  6.0
Necromancy     | 6 |  6.3
Polearms       | 1 6 |  6.7
Maces & Flails | |  2.4

Action                   |  1- 3 |  4- 6 |  7- 9 | 10-12 | 13-15 || total
-------------------------+-------+-------+-------+-------+-------++-------
Melee: Mace              |    85 |       |       |       |       ||    85
       Punch             |     1 |       |     1 |     2 |       ||     4
       Flail             |       |   113 |   162 |    19 |       ||   294
       Staff             |       |       |       |    81 |   223 ||   304
 Cast: Scorch            |    11 |    34 |   177 |    47 |    31 ||   300
       Olgreb's Toxic Ra |       |       |     5 |    86 |   207 ||   298
       Ignite Poison     |       |       |       |    36 |    84 ||   120
       Sticky Flame      |       |       |       |    26 |    56 ||    82
       Dispel Undead     |       |       |       |       |    14 ||    14
Invok: Foxfire Swarm     |       |       |     1 |       |     1 ||     2
       Rising Flame      |       |       |     1 |       |       ||     1
Evoke: Wand              |       |       |     1 |     5 |    34 ||    40
       Phantom mirror    |       |       |       |     1 |     1 ||     2
  Use: Scroll            |       |     1 |       |    15 |     5 ||    21
 Stab: Sleeping          |     1 |     1 |       |       |     1 ||     3
Armor: Robe              |    26 |    35 |       |       |       ||    61
       Leather armour    |       |     3 |    91 |    98 |   257 ||   449
Dodge: Dodged            |    57 |    92 |   144 |   120 |   335 ||   748
Block: Buckler           |       |       |       |    26 |   118 ||   144
       Reflection        |       |       |       |       |     6 ||     6
